 Dungeon Crawl Stone Soup version 0.30.1-4-g462c640d31 (webtiles) character file.

Game seed: 5090517121891920836

294 CarvArkoylaein the Shield-Bearer (level 6, 0/47 HPs)
             Began as a Draconian Wanderer on Sept 5, 2023.
             Was an Initiate of Gozag.
             Slain by a water moccasin (4 damage)
             ... on level 5 of the Dungeon.
             The game lasted 00:15:40 (2583 turns).

CarvArkoylaein the Shield-Bearer (DrWn)             Turns: 2583, Time: 00:15:41

Health: 0/47       AC:  9    Str: 18    XL:     6   Next: 11%
Magic:  7/7        EV: 12    Int: 12    God:    Gozag
Gold:   101        SH:  4    Dex:  9    Spells: 7/7 levels left

rFire   . . .        s - +3 spear of Imbalance {flame, Will+ Str+5 Dex-5}
rCold   . . .        b - +0 buckler {AC+3}
rNeg    . . .        (body armour unavailable)
rPois   .            (helmet restricted)
rElec   .            (no cloak)
rCorr   .            (no gloves)
SInv    .            (no boots)
Will    ++...        (no amulet)
Stlth   +            c - ring of willpower
HPRegen 0.27/turn    (no ring)
MPRegen 0.10/turn

%: no passive effects
@: lethally poisoned (0 -> -11), gold aura
A: AC +6, unfitting armour, cold-blooded
a: Renounce Religion, Potion Petition, Call Merchant, Bribe Branch


You were on level 5 of the Dungeon.
You worshipped Gozag.
Gozag was aware of your devotion.
You visited 2 branches of the dungeon, and saw 6 of its levels.

You collected 128 gold pieces.
You paid 27 gold pieces to Gozag.

Inventory:

Hand Weapons
 a - a +0 spear
 k - a +3 dagger
 q - the +2 dagger of the Furious {speed, *Rage rElec Str+5}
   (You found it on level 2 of the Dungeon)

   Str:       It affects your strength (+5).
   rElec:     It insulates you from electricity.
   *Rage:     It berserks you when you make melee attacks (+20% chance).
 s - the +3 spear of Imbalance (weapon) {flame, Will+ Str+5 Dex-5}
   (You found it on level 3 of the Dungeon)

   Str:       It affects your strength (+5).
   Dex:       It affects your dexterity (-5).
   Will:      It increases your willpower.
Armour
 b - a +0 buckler of protection (worn)
 f - an orb of wrath
Jewellery
 c - a ring of willpower (left hand)
 e - a ring of poison resistance
Scrolls
 j - 3 scrolls of enchant weapon
 l - 2 scrolls of immolation {unknown}
 r - a scroll of fog
 t - 3 scrolls of identify
Potions
 d - a potion of lignification
 g - a potion of berserk rage {unknown}
 h - 3 potions of degeneration
 i - 2 potions of haste {unknown}
 m - a potion of curing {unknown}
 n - a potion of ambrosia {unknown}
 o - a potion of heal wounds {unknown}
 p - a potion of resistance {unknown}


   Skills:
 + Level 1.2 Fighting
 + Level 1.9 Short Blades
 + Level 4.0 Polearms
 + Level 2.8 Dodging
 + Level 1.1 Stealth
 + Level 5.0 Shields
 + Level 1.0 Spellcasting
 + Level 1.4 Evocations


You had 7 spell levels left.
You didn't know any spells.
Your spell library contained the following spells:

 Spells                   Type           Power      Damage    Failure   Level
 Foxfire                  Conj/Fire      0%         2x1d4     36%         1
 Sting                    Tmut/Pois      0%         1d3       36%         1
 Poisonous Vapours        Pois/Air       0%         N/A       50%         2
 Gell's Gravitas          Tloc           0%         N/A       73%         3
 Teleport Other           Tloc           0%         N/A       73%         3
 Olgreb's Toxic Radiance  Pois           0%         N/A       98%         4
 Fireball                 Conj/Fire      0%         3d3       100%        5
 Dispersal                Tloc           0%         N/A       100%        6
 Plasma Beam              Fire/Air       0%         2x1d11    100%        6
 Starburst                Conj/Fire      0%         6d3       100%        6


Dungeon Overview and Level Annotations

Branches:
Dungeon (5/15)             Temple (1/1) D:4

Altars:
Ashenzari
Dithmenos
Elyvilon
Fedhas
Gozag
Hepliaklqana
Nemelex Xobeh
Qazlal
Ru
Sif Muna
Trog
Uskayaw
Vehumet
Wu Jian
Xom
Yredelemnul
Zin
The Shining One


Innate Abilities, Weirdness & Mutations

Your plain brown scales are hard. (AC +6)
You cannot fit into any form of body armour.
You are cold-blooded and may be slowed by cold attacks.


Message History

You hit the water moccasin. You burn the water moccasin.
The water moccasin is lightly wounded.
The water moccasin bites you.
You are poisoned.
The water moccasin poisons you! The scorpion barely misses you.
You hit the water moccasin. You burn the water moccasin.
The water moccasin is moderately wounded.
You feel very sick. You block the water moccasin's attack.
You block the scorpion's attack. The jelly barely misses you.
The water moccasin misses you.
You puncture the water moccasin! You burn the water moccasin.
Your tail-slap misses the water moccasin.
The water moccasin is severely wounded.
You feel sick. You block the scorpion's attack. The water moccasin bites you.
You block the jelly's attack.
You puncture the scorpion! You burn the scorpion.
You kill the scorpion!
You feel sick. The water moccasin misses you. The jelly misses you.
Your Polearms skill increases to level 4!
Your Stealth skill increases to level 1!
You have reached level 6!
Your scales feel tougher.
You hit the water moccasin. You burn the water moccasin.
The water moccasin is almost dead.
You feel sick. The water moccasin bites you.
* * * LOW HITPOINT WARNING * * *
You are lethally poisoned!
The water moccasin poisons you!
The jelly is distracted by your dazzling golden aura.
The jelly quivers.
You closely miss the water moccasin.
Your tail-slap misses the water moccasin.
The water moccasin is almost dead.
* * * LOW HITPOINT WARNING * * *
You feel very sick. The water moccasin bites you.
* * * LOW HITPOINT WARNING * * *
The water moccasin bites you.
You die...
Your body crumbles into a pile of gold.

###### #....# #....+
#....# #....# #..@.#
# #.S$J# .# #....#
..# #....#...#
#####....'...#
.#######........#...#
........^.......#..##
................# ..#
.?......).......+ ..#


You could see a water moccasin and a jelly.

Vanquished Creatures
  A boggart (D:2)
  A scorpion (D:5)
  A jelly (D:3)
  4 adders
  An ufetubus (D:4)
  2 worms
  3 dart slugs (D:1)
  6 orcs
  3 ball pythons
  2 endoplasms (D:1)
  2 giant cockroaches
  4 goblins
  8 hobgoblins
  6 jackals (D:1)
  5 kobolds
  5 quokkas
  5 bats
  5 frilled lizards
  A rat (D:2)
65 creatures vanquished.

Notes
Turn   | Place    | Note
-------+----------+-------------------------------------------
     0 | D:1      | CarvArkoylaein the Draconian Wanderer began the quest for
                  | the Orb.
     0 | D:1      | CarvArkoylaein set off with the following items: a +0
                  | spear, a +0 buckler of protection, a wand of polymorph (7),
                  | a potion of lignification.
     0 | D:1      | Reached XP level 1. HP: 14/14 MP: 2/2
   120 | D:1      | Reached XP level 2. HP: 10/20 MP: 3/3
   384 | D:1      | Reached XP level 3. HP: 21/26 MP: 4/4
   858 | D:2      | Identified the +2 dagger of the Furious {speed, *Rage rElec
                  | Str+5}
   980 | D:2      | Reached XP level 4. HP: 33/33 MP: 5/5
  1102 | D:2      | Noticed a scorpion
  1117 | D:2      | a scorpion changed into a boggart
  1117 | D:2      | Noticed a boggart
  1121 | D:2      | Killed a boggart
  1122 | D:2      | Reached skill level 1 in Short Blades
  1122 | D:2      | Reached XP level 5. HP: 39/39 MP: 6/6
  1414 | D:3      | Identified the +3 spear of Imbalance {flame, Will+ Str+5
                  | Dex-5}
  1519 | D:3      | Reached skill level 1 in Fighting
  1554 | D:3      | Found a glowing golden altar of the Shining One.
  1584 | D:3      | Reached skill level 5 in Shields
  2442 | D:4      | Found a staircase to the Ecumenical Temple.
  2455 | Temple   | Entered the Ecumenical Temple
  2475 | Temple   | Became a worshipper of Gozag Ym Sagoz the Greedy
  2500 | D:4      | Noticed an ogre
  2542 | D:5      | Entered Level 5 of the Dungeon
  2572 | D:5      | Noticed a water moccasin
  2582 | D:5      | Reached skill level 1 in Stealth
  2582 | D:5      | Reached XP level 6. HP: 15/47 MP: 7/7
  2583 | D:5      | Slain by a water moccasin

Illustrated notes

Levels and vault maps discovered:
D:1:      scummos_arrival_checkerplants, layout_basic
D:2:      layout_basic
D:3:      layout_basic, nicolae_tso_carved_into_rock, serial_bayou_pond_a,
          kennysheep_donut, minmay_starry_boxes
D:4:      layout_cave_pools, mainiacjoe_overflow_surrounded_room,
          minmay_temple_entry_butterflies, st_stairs_13
D:5:      layout_gridville, mainiacjoe_overflow_concentric_impassable,
          okawaru_gym_becter, cheibrodos_sewer_entry_sluice, st_stairs_2,
          minmay_misc_feat_square
Temple:   sentei_temple_godly_chess

Skill      XL: |  1  2  3  4  5 |
---------------+----------------+-----
Dodging        | 2 |  2.8
Short Blades   | 1 |  1.9
Fighting       | 1 |  1.2
Shields        | 5 |  5.0
Polearms       | 4 |  4.0
Stealth        | 1 |  1.1
Spellcasting   | |  1.0
Evocations     | |  1.4

Action                     |  1- 3 |  4- 6 || total
---------------------------+-------+-------++-------
  Melee: Spear             |   113 |    39 ||   152
         Tailslap          |    15 |    11 ||    26
         Dagger            |    35 |    52 ||    87
  Evoke: Wand              |       |     7 ||     7
    Use: Scroll            |       |     3 ||     3
   Stab: Sleeping          |     2 |     1 ||     3
 Armour: Skin              |    64 |    40 ||   104
  Dodge: Dodged            |    99 |    56 ||   155
  Block: Buckler           |    40 |    22 ||    62
